 Dungeon Crawl Stone Soup version 0.22.1-2-g9c5b331 (webtiles) character file.

76 whitewolfNL the Cudgeler (level 4, -1/41 HPs)
             Began as a Minotaur Berserker on Dec 21, 2018.
             Was a Believer of Trog.
             Succumbed to a kobold's poison
             ... on level 3 of the Dungeon.
             The game lasted 00:07:44 (1463 turns).

whitewolfNL the Cudgeler (Minotaur Berserker)       Turns: 1463, Time: 00:07:45

Health: -1/41      AC:  5    Str: 21    XL:     4   Next: 12%
Magic:  3/3        EV:  4    Int:  9    God:    Trog [**....]
Gold:   73         SH: 12    Dex: 10    Spells: 3/3 levels left

rFire    . . .     SeeInvis .   d - +0 flail
rCold    . . .     Gourm    .   g - +0 large shield
rNeg     . . .     Faith    .   j - +0 ring mail
rPois    .         Spirit   .   (helmet restricted)
rElec    .         Reflect  .   (no cloak)
rCorr    .         Harm     .   (no gloves)
MR       .....                  (no boots)
Stlth    ..........             (no amulet)
HPRegen  0.13/turn              e - +4 ring of intelligence
MPRegen  0.08/turn              (no ring)

@: lethally poisoned (-1 -> -33), berserk cooldown, flying, hasted and slowed,
constricted
A: retaliatory headbutt, horns 2
a: Berserk, Trog's Hand, Renounce Religion


You were on level 3 of the Dungeon.
You worshipped Trog.
Trog was pleased with you.
You were hungry.

You visited 1 branch of the dungeon, and saw 3 of its levels.

You collected 73 gold pieces.

Inventory:

Hand Weapons
 d - a +0 flail (weapon)
Missiles
 b - 17 bolts
 m - 15 poisoned needles
Armour
 g - a +0 large shield (worn)
 j - a +0 ring mail (worn)
Jewellery
 e - a +4 ring of intelligence (left hand)
Wands
 p - a wand of iceblast (7)
Scrolls
 a - 2 scrolls of remove curse {unknown}
 f - a scroll of random uselessness {unknown}
 i - 2 scrolls of identify {unknown}
 l - a scroll of fog {unknown}
 q - a scroll of teleportation {unknown}
Potions
 h - a potion of curing {unknown}
 k - a potion of haste
Comestibles
 c - 2 rations
 o - 5 chunks of flesh


   Skills:
 * Level 4.3 Fighting
 * Level 4.7 Maces & Flails
 * Level 2.8 Armour
 * Level 2.7 Dodging
 - Level 0.1 Stealth
 * Level 1.1 Shields


You had 3 spell levels left.
You didn't know any spells.
Your spell library was empty.

Dungeon Overview and Level Annotations

Branches:
Dungeon (3/15)

Altars:
Nemelex Xobeh
Qazlal
Trog


Innate Abilities, Weirdness & Mutations

You reflexively headbutt those who attack you in melee.
You have a pair of horns on your head.


Message History

You block the ball python's attack. The ball python grabs you.
The ball python constricts you. The kobold hits you but does no damage.
You are more poisoned.
You block the ball python's attack. The ball python constricts you.
It was a potion of haste.
You feel yourself speed up.
You feel very sick. The kobold hits you but does no damage.
You are more poisoned.
The ball python bites you but does no damage.
The ball python constricts you.
The orc hits you from afar with a trident.
* * * LOW HITPOINT WARNING * * *
The ball python bites you but does no damage.
The ball python constricts you. The kobold barely misses you.
The orc hits you from afar with a trident!
* * * LOW HITPOINT WARNING * * *
It was a potion of flight.
You feel very buoyant.
You fly up into the air.
You die...

#....)...#
#.#..##..#
#.#..##..#
#.#......# ##
#.#.##...# ..
###...))...#
.###.####.((.......#
........#K#####..###
.......ooS@..##..#
S.##.##S#.##.....#
...#.# ##...
..#..#.. ...## ##
#..#### ##.# ...# .#
#...# #...#


You could see 2 orcs, 2 ball pythons and a kobold.

Vanquished Creatures
  2 adders
  2 dart slugs
  2 leopard geckos (D:1)
  2 orcs (D:3)
  11 bats
  3 giant cockroaches
  6 goblins
  4 hobgoblins
  8 kobolds
  5 frilled lizards
  7 rats
52 creatures vanquished.

Notes
Turn   | Place    | Note
-------+----------+-------------------------------------------
     0 | D:1      | whitewolfNL the Minotaur Berserker began the quest for the
                  | Orb.
     0 | D:1      | Reached XP level 1. HP: 19/19 MP: 0/0
    69 | D:1      | Reached XP level 2. HP: 26/27 MP: 1/1
   298 | D:1      | Reached ** piety under Trog
   387 | D:1      | Reached XP level 3. HP: 25/33 MP: 2/2
   687 | D:2      | Found a sparkling altar of Nemelex Xobeh.
   687 | D:2      | Found a bloodstained altar of Trog.
   687 | D:2      | Found a stormy altar of Qazlal.
  1420 | D:3      | Reached skill level 1 in Shields
  1420 | D:3      | Reached XP level 4. HP: 41/41 MP: 3/3
  1462 | D:3      | HP: 2/41 [orc/trident (7)]
  1463 | D:3      | Succumbed to a kobold's poison

Skill      XL: |  1  2  3 |
---------------+----------+-----
Maces & Flails | 4 |  4.7
Fighting       | 4 |  4.3
Shields        | 1 |  1.1
Armour         | |  2.8
Dodging        | |  2.7
Stealth        | |  0.1

Action                   |  1- 3 |  4- 6 || total
-------------------------+-------+-------++-------
Melee: Mace              |    93 |       ||    93
       Headbutt          |    11 |       ||    11
       Flail             |     5 |    10 ||    15
Invok: Berserk           |     1 |     1 ||     2
  Use: Potion            |       |     2 ||     2
  Eat: Chunk             |     3 |       ||     3
Armor: Animal skin       |    13 |       ||    13
       Ring mail         |    15 |     7 ||    22
Dodge: Dodged            |    48 |     5 ||    53
Block: Large shield      |    31 |    14 ||    45
